 Dungeon Crawl Stone Soup version 0.31-a0-728-g01b46875f1 (webtiles) character file.

Game seed: 3245468888723792977

475 Dirtsage the Chopper (level 6, -20/44 HPs)
             Began as a Demonspawn Shapeshifter on Sept 11, 2023.
             Demolished by an ogre
             ... wielding a +0 giant club
              (26 damage)
             ... on level 4 of the Dungeon.
             The game lasted 00:07:37 (3200 turns).

Dirtsage the Chopper (Demonspawn Shapeshifter)      Turns: 3200, Time: 00:07:37

Health: -20/44     AC:  8    Str: 16    XL:     6   Next: 84%
Magic:  6/6        EV:  9    Int: 11    God:
Gold:   292        SH:  0    Dex: 13    Spells: 5/5 levels left

rFire   . . .        h - +0 hand axe
rCold   . . .        (no shield)
rNeg    . . .        b - +0 scale mail
rPois   .            (helmet currently unavailable)
rElec   .            (cloak currently unavailable)
rCorr   .            (gloves currently unavailable)
SInv    +            (boots currently unavailable)
Will    .....        (no amulet) Stlth
                     S - ring of see invisible
HPRegen 0.27/turn    (no ring)
MPRegen 0.10/turn

%: no passive effects
@: beast-form
A: beast (slay +1), hooves 1, powered by death 1, sharp scales 2
a: Begin Untransformation


You were on level 4 of the Dungeon.
You were a hulking beast.
You visited 1 branch of the dungeon, and saw 4 of its levels.

You collected 292 gold pieces.

Inventory:

Hand Weapons
 a - a +0 war axe
 h - a +0 hand axe (weapon)
Armour
 b - a +0 scale mail (worn)
 j - a +0 cloak
Jewellery
 S - a ring of see invisible (left hand)
Talismans
 c - a beast talisman (active)
 d - a flux talisman
Scrolls
 k - a scroll of revelation {unknown}
 m - a scroll of noise {unknown}
 o - a scroll of silence {unknown}
 t - 3 scrolls of teleportation
Potions
 e - a potion of mutation {unknown}
 f - a potion of enlightenment {unknown}
 g - 3 potions of attraction
 l - a potion of heal wounds
 n - 2 potions of invisibility
 q - a potion of curing


   Skills:
 - Level 1.8 Fighting
 * Level 5.7 Axes
 - Level 1.7 Dodging
 - Level 3.3 Unarmed Combat
 - Level 3.0 Shapeshifting


You had 5 spell levels left.
You didn't know any spells.
Your spell library contained the following spells:

 Spells                   Type           Power      Damage    Failure   Level
 Freeze                   Ice            0%         1d3       80%         1
 Poisonous Vapours        Pois/Air       0%         N/A       90%         2
 Frozen Ramparts          Ice            0%         1d1       99%         3
 Hailstorm                Conj/Ice       0%         3d3       99%         3
 Mephitic Cloud           Conj/Pois/Air  0%         N/A       99%         3
 Freezing Cloud           Conj/Ice/Air   0%         6-21      100%        5


Dungeon Overview and Level Annotations

Branches:
Dungeon (4/15)
 Temple: D:4-7

Altars:
Makhleb

Shops:
D:1 *


Innate Abilities, Weirdness & Mutations

You are a hulking beast.
Your limbs bulge with bestial killing power. (Slay +1)
You have large cloven feet.
You regenerate a little health from kills.
You are mostly covered in razor-sharp scales. (AC +2, Slay +2)


Message History

As you read the scroll of identify, it crumbles to dust.
m - a potion of heal wounds;
l - a potion of heal wounds
m - a scroll labelled UFOAGOA ZUAMAU
Okay, then.
You open the door.
There is an open door here.
e - a fizzy white potion You now have 292 gold pieces (gained 7).
You open the door.
There is an open door here.
Key pressed, stopping explore.
No target in view!
You open the door.
There is an open door here.
An ogre and an orc come into view.
The ogre shouts!
The orc shouts!
Something unseen opens the door.
You have nothing you can fire or use right now.
Cleave: h) +0 hand axe
Press: ? - help, Dir - move target, f - you
Okay, then.
You hit the orc. You kick the orc.
You kill the orc!
You hit the ogre. You kick the ogre.
The ogre is moderately wounded.
The ogre hits you with a +0 giant club!
You take 11 damage, and have 33/44 hp.
MASSIVE DAMAGE!!
You hit the ogre. You kick the ogre.
The ogre is heavily wounded.
The ogre hits you with a +0 giant club!!
Ouch! That really hurt!
* * * LOW HITPOINT WARNING * * *
You take 27 damage, and have 6/44 hp.
MASSIVE DAMAGE!!
You hit the ogre.
The ogre is severely wounded.
You slash the ogre! Your kick misses the ogre.
The ogre is almost dead.
The ogre hits you with a +0 giant club!!
Ouch! That really hurt!
You die...

#8. ###.#####...###.# #..
#............##.# #8.
#............##†#
#.####..........##.#
#................#.#
#..............#.#.#
#..................#
###########O####.......(....
#.####........##h# #............
#................####............
######.............##.####.######
#.....###.......##†# #.# #.....#
#.......##.# #.# #.....#
#.......##.# #.#
#.....###g......##.# #..
#..................# ###
#......†........####


You could see an ogre and a goblin.

Vanquished Creatures
  Sigmund (D:3)
  A scorpion (D:4)
  An iguana (D:4)
  Jessica (D:3)
  8 adders
  2 worms
  6 dart slugs
  3 orcs
  7 ball pythons
  8 bats
  7 endoplasms
  5 giant cockroaches
  3 goblins
  13 hobgoblins
  9 jackals
  9 kobolds
  4 quokkas
  2 frilled lizards (D:1)
  7 rats
97 creatures vanquished.

Notes
Turn   | Place    | Note
-------+----------+-------------------------------------------
     0 | D:1      | Dirtsage the Demonspawn Shapeshifter began the quest for
                  | the Orb.
     0 | D:1      | Reached XP level 1. HP: 15/15 MP: 1/1
    92 | D:1      | Gained mutation: You have large cloven feet. [demonic
                  | ancestry]
    92 | D:1      | Reached XP level 2. HP: 19/21 MP: 2/2
   185 | D:1      | Found Xecac's General Store.
   486 | D:1      | Gained mutation: You regenerate a little health from kills.
                  | [demonic ancestry]
   486 | D:1      | Reached XP level 3. HP: 26/26 MP: 3/3
  1216 | D:2      | Reached skill level 1 in Axes
  1354 | D:2      | Gained mutation: You are partially covered in razor-sharp
                  | scales. (AC +1, Slay +1) [demonic ancestry]
  1354 | D:2      | Reached XP level 4. HP: 32/33 MP: 4/4
  1402 | D:2      | Reached skill level 2 in Axes
  2066 | D:3      | Reached skill level 3 in Axes
  2071 | D:3      | Reached XP level 5. HP: 38/38 MP: 5/5
  2130 | D:3      | Found a burning altar of Makhleb.
  2135 | D:3      | Noticed an angel
  2136 | D:3      | Noticed a cacodemon
  2270 | D:3      | Noticed Jessica
  2276 | D:3      | Killed Jessica
  2453 | D:3      | Noticed Sigmund
  2469 | D:3      | Killed Sigmund
  2470 | D:3      | Reached skill level 4 in Axes
  2470 | D:3      | Gained mutation: You are mostly covered in razor-sharp
                  | scales. (AC +2, Slay +2) [demonic ancestry]
  2470 | D:3      | Reached XP level 6. HP: 38/44 MP: 6/6
  2740 | D:4      | Reached skill level 5 in Axes
  3200 | D:4      | Demolished by an ogre

Illustrated notes

Levels and vault maps discovered:
D:1:      psy_arrival_radial01, layout_loops_ring, serial_shops,
          nicolae_shop_back_alley_shop
D:2:      layout_basic, minmay_fractal_squares_5
D:3:      layout_loops_ring, grunt_temple_overflow_order_and_chaos_2,
          bh_walls_and_bars, uniq_sigmund, uniq_jessica
D:4:      minmay_opposing_rooms, layout_basic, kennysheep_orc_sif_temple

Skill      XL: |  1  2  3  4  5  6 |
---------------+-------------------+-----
Unarmed Combat | 3 |  3.3
Shapeshifting  | 3 |  3.0
Axes           | 1 3 4 5 |  5.7
Fighting       | |  1.8
Dodging        | |  1.7

Action                     |  1- 3 |  4- 6 || total
---------------------------+-------+-------++-------
  Melee: Unarmed           |    55 |       ||    55
         Kick              |     9 |    39 ||    48
         Punch             |     3 |     1 ||     4
         Hand axe          |    34 |   149 ||   183
    Use: Potion            |     1 |     5 ||     6
         Scroll            |       |     4 ||     4
 Armour: Animal skin       |    22 |       ||    22
         Leather armour    |    23 |     7 ||    30
         Skin              |    10 |       ||    10
         Scale mail        |       |   102 ||   102
  Dodge: Dodged            |    45 |    64 ||   109

Table legend: (Time is in decaauts)
 A = Elapsed time spent in this place.
 B = Non-inter-level travel time spent in this place.
 C = Inter-level travel time spent in this place.
 D = Time resting spent in this place.
 E = Time spent auto-exploring this place.
 F = Levels seen in this place.
 G = Mean time per level.
                   A        B        C        D        E       F      G
               +--------+--------+--------+--------+--------+-----+--------+
         Total |   3218 |   3113 |    105 |    370 |   2139 |   4 |  804.5 |
       Dungeon |   3218 |   3113 |    105 |    370 |   2139 |   4 |  804.5 |
               +--------+--------+--------+--------+--------+-----+--------+

Top non-repeatable levels by time:
     D:1: 1093 daAuts
     D:2: 801 daAuts
     D:3: 791 daAuts
     D:4: 532 daAuts
